 Dungeon Sprint DCSS version 0.30-a0-800-g7c544603b3 (webtiles) character file.

Game seed: 3139967068032011071

8500000 BigDaddyOpFi the Intangible (level 27, -31/228 HPs)
             Began as a Djinni Warper on Feb 23, 2023.
             Was the Champion of Makhleb.
             Annihilated by a meat berserker
             ... wielding a +9 battleaxe
              (79 damage)
             ... in the Dungeon (Sprint VIII: "Arena of Blood").
             The game lasted 00:03:11 (85 turns).

BigDaddyOpFi the Intangible (Djinni Warper)           Turns: 85, Time: 00:03:11

Health: -31/228    AC:  6    Str: 10    XL:     27
Gold:   0          EV: 37    Int: 16    God:    Makhleb [******] SH:  0 Dex: 26

rFire   + + .      SeeInvis .    h - +∞ Axe of Woe
rCold   x . .      Faith    .    (shield currently unavailable)
rNeg    . . .      Spirit   .    a - +0 leather armour
rPois   ∞          Reflect  .    (no helmet)
rElec   .          Harm     .    (no cloak)
rCorr   .          Rampage  .    (no gloves)
Will    ++...      NoTele   +    (boots unavailable)
Stlth   ++++++++++               (no amulet)
HPRegen 0.58/turn                (no ring)
MPRegen 0.00/turn                (no ring)

@: death channelling, flying
A: sickness immunity, fire resistance 2, cold vulnerability 1, float, innate
caster, HP casting, extra vitality 1
a: Renounce Religion, Minor Destruction, Lesser Servant of Makhleb, Major
Destruction, Greater Servant of Makhleb


You were in the Dungeon.
You worshipped Makhleb.
Makhleb was exalted by your worship.
You visited 1 branch

Inventory:

Hand Weapons
 h - the +∞ Axe of Woe (weapon)
   (You found it in the Dungeon)
Missiles
 c - 7 boomerangs of dispersal (quivered)
Armour
 a - a +0 leather armour (worn)
Scrolls
 b - 2 scrolls of blinking
Potions
 d - a potion of curing
 e - a potion of heal wounds
 f - a potion of haste
 g - a potion of berserk rage


   Skills:
 O Level 27 Fighting
 O Level 27 Short Blades
 O Level 27 Long Blades
 O Level 27 Axes
 O Level 27 Maces & Flails
 O Level 27 Polearms
 O Level 27 Staves
 O Level 27 Ranged Weapons
 O Level 27 Throwing
 O Level 27 Armour
 O Level 27 Dodging
 O Level 27 Stealth
 O Level 27 Shields
 O Level 27 Unarmed Combat
 O Level 27 Spellcasting
 O Level 27 Invocations
 O Level 27 Evocations


You knew the following spells:

 Your Spells              Type           Power      Damage    Failure   Level
a - Blink                 Tloc           100%       N/A       0%          2
b - Lesser Beckoning      Tloc           100%       N/A       0%          2
c - Vhi's Electric Charg  Tloc/Air       100%       N/A       0%          3
d - Teleport Other        Tloc           82%        N/A       0%          3
e - Manifold Assault      Tloc           82%        N/A       0%          4
f - Summon Small Mammal   Summ           100%       N/A       0%          1
g - Static Discharge      Conj/Air       100%       2-7/arc   0%          2
h - Portal Projectile     Hex/Tloc       100%       N/A       0%          3
i - Inner Flame           Hex/Fire       82%        N/A       0%          3
j - Dispel Undead         Necr           82%        3d27      0%          4
k - Summon Mana Viper     Hex/Summ       82%        N/A       0%          5
l - Death Channel         Necr           41%        N/A       0%          6
m - Monstrous Menagerie   Summ           41%        N/A       1%          7
n - Simulacrum            Ice/Necr       41%        N/A       0%          6
o - Disjunction           Tloc           41%        N/A       1%          8
p - Malign Gateway        Summ/Tloc      41%        N/A       1%          7
q - Polar Vortex          Ice            41%        N/A       2%          9
r - Fire Storm            Conj/Fire      41%        8d10      2%          9
Your spell library was empty.

Dungeon Overview and Level Annotations

Branches:
Dungeon (1/1)

Altars:
Makhleb


Innate Abilities, Weirdness & Mutations

You are immune to sickness and miasma.
You are immune to poison.
Your flesh is very heat resistant. (rF++)
You are vulnerable to cold. (rC-)
You float through the air rather than walking.
You learn spells naturally, not from books.
Your magical power is your life essence.
You have superior vitality. (+4 MHP)


Message History

The fiery explosion engulfs your spectral meat berserker!!
The fiery explosion engulfs the bag of meat!!!
The bag of meat dies!
The fiery explosion engulfs the dread!!
The fiery explosion engulfs the meat berserker!!
A glowing mist starts to gather...
You hear a shout! x2; The meat beast bleats!
Unknown command.
Unknown command.
You are engulfed in blazing flames.
You resist.
* * * LOW HITPOINT WARNING * * *
The meat beast is engulfed in blazing flames.
The meat beast roars, "Flounder, thou baffled common-kissing maggot-pie!"
The meat beast bites your spectral meat berserker!!
The meat beast tramples your spectral meat berserker!
Your spectral meat berserker holds its ground!
The meat berserker is engulfed in blazing flames.
Your spectral meat beast is engulfed in blazing flames.
Your spectral meat beast bites the dread!!
Your spectral meat beast tramples the dread!
The dread holds its ground!
You hear a shout! x2
The large bag of meat is engulfed in blazing flames.
The meat beast is engulfed in blazing flames.
The meat beast bites your spectral meat berserker!
The meat beast tramples your spectral meat berserker but does no damage.
The meat berserker is engulfed in blazing flames.
The meat berserker hits your spectral meat berserker with a +9 battleaxe!!!
The meat berserker hits your spectral bag of meat with a +9 battleaxe!!
The bag of meat is engulfed in blazing flames.
The bag of meat hits your spectral bag of meat with a +9 war axe!!
A bag of meat comes into view. It is wielding a +9 war axe.
You hear a shout!
The bag of meat is engulfed in blazing flames.
You hear a shout!
Your spectral meat beast is engulfed in blazing flames.
The dread is engulfed in blazing flames.
The dread completely misses your spectral meat beast.
The meat berserker hits you with a +9 battleaxe!!!!
You die...

.. ..... #.
...# #.. ...# .
.###.o .Mo###..
.o2XXo###ooM...


..ooXLooooo. #Xo§§V# #X.zOZ# #XOO@Z# oooMOO_Z§Woooo. .oooVo###ZZZoL.X .###oo
o2O###o. #.. 22o# . #. .oo# .. .oWoX .... You could see 3 accurseds, a tentacled
monstrosity (summoned), 3 meat beasts, 2 tyrants, 2 destroyers, a sculptor of
flesh, a large bag of meat (inner flame), 7 large abominations, 2 dreads, 5 meat
berserkers, 31 bags of meat, a friendly spectral bag of meat, 2 friendly
spectral meat berserkers, a friendly spectral large bag of meat and 2 friendly
spectral meat beasts.

Vanquished Creatures
  Sigmund (D)
  4 hell beasts (D)
  2 wraiths (D)
  9 vampire knights (D)
  33 ogres (D)
  7 two-headed ogres (D)
  2 liches (D)
  31 orcs (D)
  4 skeletal warriors (D)
93 creatures vanquished.

Vanquished Creatures (collateral kills)
  A two-headed ogre (D)
1 creature vanquished.

Vanquished Creatures (others)
  An orc (D)
1 creature vanquished.

Grand Total: 95 creatures vanquished

Notes
Turn   | Place    | Note
-------+----------+-------------------------------------------
     0 | D        | Found the +∞ Axe of Woe
     0 | D        | BigDaddyOpFi the Djinni Warper began the quest for the Orb.
     0 | D        | BigDaddyOpFi set off with the following spells memorised:
                  | Blink, Lesser Beckoning, Vhi's Electric Charge, Teleport
                  | Other, Manifold Assault.
     0 | D        | Reached XP level 1. HP: 18/18 MP: 0/0
     2 | D        | Noticed a bag of meat
     3 | D        | Noticed a meat berserker
     4 | D        | Became a worshipper of Makhleb the Destroyer
     6 | D        | Killed a meat berserker
     6 | D        | Noticed a bag of meat
     7 | D        | Reached skill level 10 in Fighting
     7 | D        | Reached skill level 10 in Armour
     7 | D        | Reached skill level 10 in Unarmed Combat
     7 | D        | Reached skill level 10 in Invocations
     7 | D        | Reached XP level 2. HP: 36/36 MP: 0/0
     7 | D        | Reached XP level 3. HP: 41/41 MP: 0/0
     7 | D        | Learned a level 1 spell: Summon Small Mammal
     7 | D        | Reached XP level 4. HP: 47/47 MP: 0/0
     7 | D        | Reached XP level 5. HP: 52/52 MP: 0/0
     7 | D        | Learned a level 2 spell: Static Discharge
     7 | D        | Reached XP level 6. HP: 58/58 MP: 0/0
     7 | D        | Reached XP level 7. HP: 64/64 MP: 0/0
     7 | D        | Learned a level 3 spell: Portal Projectile
     7 | D        | Reached XP level 8. HP: 69/69 MP: 0/0
     7 | D        | Reached XP level 9. HP: 75/75 MP: 0/0
     7 | D        | Learned a level 3 spell: Inner Flame
     7 | D        | Reached XP level 10. HP: 81/81 MP: 0/0
     7 | D        | Reached XP level 11. HP: 86/86 MP: 0/0
     7 | D        | Learned a level 4 spell: Dispel Undead
     7 | D        | Reached XP level 12. HP: 92/92 MP: 0/0
     7 | D        | Noticed a bag of meat
     7 | D        | Noticed a meat berserker
     7 | D        | Noticed a bag of meat
     8 | D        | Killed a bag of meat
     8 | D        | Reached * piety under Makhleb
     8 | D        | Killed a bag of meat
     8 | D        | Noticed a meat berserker
     8 | D        | Noticed a bag of meat
     9 | D        | Reached skill level 10 in Axes
     9 | D        | Reached skill level 10 in Throwing
     9 | D        | Reached XP level 13. HP: 63/101 MP: 0/0
     9 | D        | Learned a level 5 spell: Summon Mana Viper
     9 | D        | Killed a meat berserker
     9 | D        | Noticed a meat berserker
    10 | D        | Reached skill level 10 in Spellcasting
    10 | D        | Reached XP level 14. HP: 110/110 MP: 0/0
    11 | D        | Killed a bag of meat
    11 | D        | Reached ** piety under Makhleb
    11 | D        | Noticed a meat berserker
    12 | D        | Reached skill level 15 in Dodging
    12 | D        | Killed a meat berserker
    12 | D        | Noticed a bag of meat
    13 | D        | Reached XP level 15. HP: 118/118 MP: 0/0
    13 | D        | Learned a level 6 spell: Death Channel
    13 | D        | Killed a meat berserker
    13 | D        | Reached *** piety under Makhleb
    14 | D        | Reached XP level 16. HP: 128/128 MP: 0/0
    15 | D        | Reached skill level 15 in Stealth
    15 | D        | Killed a meat berserker
    15 | D        | Reached **** piety under Makhleb
    16 | D        | Reached XP level 17. HP: 136/136 MP: 0/0
    16 | D        | Learned a level 7 spell: Monstrous Menagerie
    17 | D        | Noticed a meat berserker
    18 | D        | Noticed a large bag of meat
    20 | D        | Noticed a destroyer
    21 | D        | Reached skill level 15 in Axes
    21 | D        | Reached skill level 15 in Throwing
    22 | D        | Killed a meat berserker
    22 | D        | Reached ***** piety under Makhleb
    23 | D        | Reached skill level 15 in Spellcasting
    23 | D        | Reached XP level 18. HP: 148/148 MP: 0/0
    23 | D        | Killed a large bag of meat
    23 | D        | Noticed a destroyer
    24 | D        | Killed a destroyer
    24 | D        | Noticed a large bag of meat
    25 | D        | Reached XP level 19. HP: 149/157 MP: 0/0
    25 | D        | Learned a level 6 spell: Simulacrum
    25 | D        | Killed a large bag of meat
    25 | D        | Killed a destroyer
    25 | D        | Noticed a destroyer
    25 | D        | Noticed a large bag of meat
    29 | D        | Killed a large bag of meat
    29 | D        | Reached ****** piety under Makhleb
    29 | D        | Noticed a meat berserker
    30 | D        | Reached XP level 20. HP: 163/169 MP: 0/0
    30 | D        | Killed a destroyer
    30 | D        | Noticed a meat berserker
    30 | D        | Noticed a large bag of meat
    30 | D        | Noticed a destroyer
    31 | D        | Noticed a destroyer
    33 | D        | Noticed a meat berserker
    33 | D        | Noticed a meat berserker
    33 | D        | Noticed a meat berserker
    33 | D        | Noticed a destroyer
    34 | D        | Killed a meat berserker
    34 | D        | Killed a meat berserker
    35 | D        | Reached XP level 21. HP: 180/180 MP: 0/0
    35 | D        | Learned a level 8 spell: Disjunction
    35 | D        | Killed a destroyer
    35 | D        | Noticed a meat berserker
    35 | D        | Noticed an eight-headed meat hydra
    35 | D        | Noticed a large bag of meat
    38 | D        | Reached skill level 27 in Dodging
    38 | D        | Killed a meat berserker
    38 | D        | Killed a destroyer
    39 | D        | Reached XP level 22. HP: 193/193 MP: 0/0
    39 | D        | Killed a destroyer
    39 | D        | Killed a meat berserker
    40 | D        | Reached skill level 27 in Fighting
    40 | D        | Reached skill level 27 in Armour
    40 | D        | Reached skill level 27 in Unarmed Combat
    40 | D        | Reached skill level 27 in Invocations
    40 | D        | Killed a meat berserker
    40 | D        | Noticed a meat berserker
    42 | D        | Noticed a meat berserker
    42 | D        | Noticed a destroyer
    42 | D        | Noticed a tyrant
    43 | D        | Killed a large bag of meat
    43 | D        | Noticed a meat berserker
    43 | D        | Noticed a large bag of meat
    43 | D        | Noticed a meat berserker
    44 | D        | Reached skill level 27 in Stealth
    44 | D        | Reached XP level 23. HP: 194/201 MP: 0/0
    44 | D        | Learned a level 7 spell: Malign Gateway
    45 | D        | Killed a large bag of meat
    46 | D        | Noticed a destroyer
    47 | D        | Reached skill level 27 in Axes
    47 | D        | Reached skill level 27 in Throwing
    49 | D        | Reached skill level 27 in Spellcasting
    50 | D        | Reached XP level 24. HP: 204/208 MP: 0/0
    50 | D        | Killed a tyrant
    51 | D        | Reached skill level 15 in Maces & Flails
    51 | D        | Reached skill level 15 in Polearms
    51 | D        | Killed a destroyer
    53 | D        | Noticed an accursed
    54 | D        | Noticed a destroyer
    55 | D        | Noticed a large bag of meat
    56 | D        | Killed a large bag of meat
    57 | D        | Reached XP level 25. HP: 209/214 MP: 0/0
    57 | D        | Learned a level 9 spell: Polar Vortex
    57 | D        | Noticed a large bag of meat
    57 | D        | Noticed a tyrant
    58 | D        | Killed a destroyer
    59 | D        | Noticed an accursed
    60 | D        | Reached skill level 27 in Maces & Flails
    60 | D        | Reached skill level 27 in Polearms
    60 | D        | Killed a destroyer
    61 | D        | Reached XP level 26. HP: 218/221 MP: 0/0
    61 | D        | Noticed a meat beast
    61 | D        | Noticed an accursed
    62 | D        | Noticed a dread
    62 | D        | Noticed a large bag of meat
    63 | D        | Reached skill level 27 in Staves
    63 | D        | Reached skill level 5 in Short Blades
    63 | D        | Reached skill level 5 in Long Blades
    63 | D        | Reached skill level 5 in Ranged Weapons
    63 | D        | Noticed a tyrant
    63 | D        | Noticed a large bag of meat
    63 | D        | Noticed a destroyer
    64 | D        | Noticed a meat beast
    64 | D        | Killed a meat beast
    65 | D        | Reached XP level 27. HP: 195/228 MP: 0/0
    65 | D        | Learned a level 9 spell: Fire Storm
    66 | D        | Killed a dread
    67 | D        | Noticed a dread
    67 | D        | Killed a dread
    67 | D        | Noticed The Captor
    67 | D        | Noticed a large bag of meat
    69 | D        | Noticed a tyrant
    69 | D        | Noticed a large bag of meat
    70 | D        | Killed a meat beast
    70 | D        | Noticed a meat beast
    70 | D        | Noticed a dread
    71 | D        | Reached skill level 27 in Short Blades
    71 | D        | Reached skill level 27 in Long Blades
    71 | D        | Reached skill level 27 in Shields
    71 | D        | Reached skill level 27 in Evocations
    71 | D        | Noticed a large bag of meat
    71 | D        | Killed a tyrant
    71 | D        | Noticed an accursed
    72 | D        | Reached skill level 27 in Ranged Weapons
    72 | D        | Noticed a destroyer
    73 | D        | Noticed a meat beast
    75 | D        | Killed a large bag of meat
    76 | D        | Noticed a meat beast
    77 | D        | Noticed a meat beast
    77 | D        | Noticed a meat beast
    77 | D        | Noticed a destroyer
    77 | D        | Noticed a dread
    78 | D        | Killed a meat beast
    78 | D        | Killed The Captor
    81 | D        | HP: 8/228 [something (5)]
    82 | D        | Killed a meat beast
    84 | D        | Killed a large bag of meat
    84 | D        | Noticed a meat beast
    85 | D        | Annihilated by a meat berserker

Illustrated notes

Levels and vault maps discovered:
D:        meatsprint

Skill      XL: |  1  2  3  4  5  6  7  8  9 10 11 12 13 14 15 16 17 18 19 20 21 22 23 24 25 26 27 |
---------------+----------------------------------------------------------------------------------+-----
Fighting       | 10 12 13 14 16 17 19 20 22 24 26 27 | 27.0
Axes           | 8 10 11 12 13 14 16 17 19 20 22 25 27 | 27.0
Throwing       | 8 10 11 12 13 14 16 17 19 20 22 25 27 | 27.0
Armour         | 10 12 13 14 16 17 19 20 22 24 26 27 | 27.0
Dodging        | 11 13 14 15 17 18 20 22 24 26 27 | 27.0
Stealth        | 9 11 12 13 14 15 17 19 20 22 24 27 | 27.0
Unarmed Combat | 10 12 13 14 16 17 19 20 22 24 26 27 | 27.0
Spellcasting   | 8 9 10 11 12 13 15 16 18 19 21 23 27 | 27.0
Invocations    | 10 12 13 14 16 17 19 20 22 24 26 27 | 27.0
Maces & Flails | 13 24 27 | 27.0
Polearms       | 13 24 27 | 27.0
Staves         | 26 27 | 27.0
Short Blades   | 16 27 | 27.0
Long Blades    | 16 27 | 27.0
Ranged Weapons | 14 27 | 27.0
Shields        | 17 27 | 27.0
Evocations     | 17 27 | 27.0

Action                     |  1- 3 |  4- 6 |  7- 9 | 10-12 | 13-15 | 16-18 | 19-21 | 22-24 | 25-27 || total
---------------------------+-------+-------+-------+-------+-------+-------+-------+-------+-------++-------
  Melee: Executioner's axe |     1 |       |       |     1 |     4 |     7 |     8 |    13 |    22 ||    56
   Cast: Monstrous Menager |       |       |       |       |       |     1 |       |       |       ||     1
         Death Channel     |       |       |       |       |       |       |     1 |       |       ||     1
         Disjunction       |       |       |       |       |       |       |       |     1 |       ||     1
  Dodge: Dodged            |       |       |       |       |       |       |       |       |     1 ||     1

Table legend: (Time is in decaauts)
 A = Elapsed time spent in this place.
 B = Non-inter-level travel time spent in this place.
 C = Inter-level travel time spent in this place.
 D = Time resting spent in this place.
 E = Time spent auto-exploring this place.
 F = Levels seen in this place.
 G = Mean time per level.
                   A        B        C        D        E       F      G
               +--------+--------+--------+--------+--------+-----+--------+
         Total |     76 |     76 |      0 |      0 |      0 |   1 |   76.0 |
       Dungeon |     76 |     76 |      0 |      0 |      0 |   1 |   76.0 |
               +--------+--------+--------+--------+--------+-----+--------+

Top non-repeatable levels by time:
       D: 76 daAuts
